Map: Psionic Temple

Players

llllllllllll

  • Race: Protoss Protoss
  • League: Diamond

JPlex - Winner!

  • Race: Protoss Protoss
  • League: Diamond

VOD

Have the link to the VOD?

Description

Time

  • Played on: Sept. 3, 2016, 7:34 p.m.
  • Length: 8:15
Show
View Real Time Build Order
Export as new Build Order

llllllllllll Protoss 

Build Orders: Blink Stalkers 

Get SALT Encoding   

  12  0:03  Probe (Chrono Boost)  
  13  0:13  Probe (Chrono Boost)  
  14  0:23  Pylon  
  14  0:24  Probe (Chrono Boost)  
  15  0:42  Probe (Chrono Boost)  
  16  0:46  Gateway  
  16  0:52  Probe (Chrono Boost)  
  16  0:55  Assimilator  
  17  0:59  Assimilator  
  17  1:03  Probe (Chrono Boost)  
  18  1:14  Pylon  
  18  1:15  Probe (Chrono Boost)  
  20  1:25  Probe (Chrono Boost)  
  20  1:28  Gateway  
  20  1:34  Cybernetics Core  
  20  1:39  Probe (Chrono Boost)  
  21  1:43  Zealot  
  23  1:52  Probe (Chrono Boost)  
  24  2:00  Pylon  
  24  2:04  Probe (Chrono Boost)  
  25  2:14  Stalker  
  26  2:17  Probe (Chrono Boost)  
  26  2:18  Stalker  
  30  2:32  Pylon  
  30  2:37  Warp Gate  
  30  2:44  Twilight Council  
  30  2:48  Stalker  
  32  2:57  Stalker  
  34  3:06  Blink  
  34  3:09  Pylon  
  34  3:25  Stalker  
  36  3:27  Stalker  
  38  3:40  Pylon  
  38  3:55  Stalker  
  40  3:57  Stalker  
  42  4:11  Gateway  
  42  4:12  Pylon  
  42  4:25  Stalker  
  44  5:07  Forge  
  42  5:35  Pylon  
  42  5:40  Photon Cannon  
  42  5:42  Photon Cannon  
  36  6:04  Nexus  
Show
View Real Time Build Order
Export as new Build Order

JPlex Protoss - Winner!

Build Orders: Dark Templar Rush 

Get SALT Encoding   

  12  0:01  Probe (Chrono Boost)  
  13  0:11  Probe (Chrono Boost)  
  14  0:19  Pylon  
  14  0:32  Probe (Chrono Boost)  
  15  0:39  Assimilator  
  16  0:42  Probe (Chrono Boost)  
  16  0:46  Gateway  
  16  0:53  Probe (Chrono Boost)  
  17  1:12  Pylon, Probe (Chrono Boost), Assimilator  
  18  1:20  Pylon  
  18  1:23  Probe (Chrono Boost)  
  19  1:33  Probe (Chrono Boost)  
  20  1:44  Probe (Chrono Boost)  
  20  1:46  Cybernetics Core  
  21  1:54  Probe (Chrono Boost)  
  22  2:05  Probe (Chrono Boost)  
  22  2:08  Zealot  
  25  2:15  Warp Gate  
  25  2:26  Twilight Council  
  25  2:29  Gateway  
  25  2:35  Pylon  
  25  2:46  Robotics Facility  
  25  3:03  Dark Shrine  
  25  3:16  Mothership Core (Chrono Boost)  
  25  3:33  Gateway  
  25  3:34  Forge  
  25  3:41  Warp Prism  
  27  3:58  Gateway  
  27  4:02  Sentry  
  29  4:09  Photon Cannon  
  29  4:10  Photon Cannon  
  29  4:16  Pylon  
  29  4:39  Pylon  
  27  5:00  Dark Templar x2  
  27  5:33  Dark Templar  
  27  5:34  Dark Templar  
  25  6:20  Dark Templar x2  
  29  6:27  Probe (Chrono Boost)  
  30  6:34  Pylon  
  30  6:40  Nexus  
  29  7:08  Probe (Chrono Boost)  
  29  7:14  Gateway  
  29  7:15  Gateway  
  28  7:16  Cybernetics Core  
  28  7:17  Nexus  
  28  7:19  Probe (Chrono Boost)  
Tags
 
Add a new tag
Caveats
  • Supply blocks, unpowered buildings, or Contaminate may cause inaccurate times.
  • Supply counts are checked every 10 seconds.